 Dungeon Crawl Stone Soup version 0.17-a0-444-gf9be5f3 (webtiles) character file.

72 jhr the Digger (level 4, 0/24 HPs)
             Began as a Gargoyle Earth Elementalist on Apr 5, 2015.
             Slain by a gnoll
             ... wielding a +0 spear
              (7 damage)
             ... on level 3 of the Dungeon.
             The game lasted 00:08:43 (2243 turns).

jhr the Digger (Gargoyle Earth Elementalist)        Turns: 2243, Time: 00:08:43

Health: 0/24       AC:  5    Str: 12    XL:     4   Next: 25%
Magic:  8/8        EV: 12    Int: 16    God:
Gold:   211        SH:  0    Dex: 10    Spells: 1 memorised, 8 levels left

rFire  + . .     SeeInvis .     v - +0 dagger (elec)
rCold  x . .     Clarity  .     c - +0 robe
rNeg   + . .     SustAb   .     (no shield)
rPois  ∞         Gourm    .     (no helmet)
rElec  +         Spirit   .     (no cloak)
rCorr  .         Warding  .     (no gloves)
rMut   .         Stasis   .     (no boots)
MR     .....                    (no amulet)
Stlth  ++........               (no ring)
                                y - ring of fire

@: not resistant to hostile enchantments, unstealthy
A: negative energy resistance 1, electricity resistance, unbreathing,
petrification resistance, rot immunity, AC +3
a: no special abilities


You were on level 3 of the Dungeon.
You were not hungry.

You visited 1 branch of the dungeon, and saw 3 of its levels.

You collected 211 gold pieces.

Inventory:

Hand weapons
 v - a +0 dagger of electrocution (weapon)
Missiles
 b - 52 stones (quivered)
Armour
 c - a +0 robe (worn)
Jewellery
 s - an uncursed ring of positive energy {unknown}
 y - a ring of fire (left hand)
Magical devices
 t - a wand of cold (8)
Scrolls
 e - a scroll of remove curse {unknown}
 g - 4 scrolls of magic mapping {unknown}
 p - 4 scrolls of identify {unknown}
 q - a scroll of fog {unknown}
 r - a scroll of enchant weapon {unknown}
 u - 2 scrolls of amnesia {unknown}
 w - a scroll of random uselessness {unknown}
Potions
 f - 2 potions of restore abilities {unknown}
 h - a potion of curing {unknown}
 i - a potion of magic {unknown}
 j - a potion of cancellation {unknown}
 l - 3 potions of haste {unknown}
 m - a potion of might {unknown}
 o - a potion of heal wounds {unknown}
Books
 d - a book of Geomancy

   Spells                             Type                      Level
   a - Sandblast                      Earth                        1
   b - Stoneskin                      Transmutation/Earth          2
   c - Passwall                       Transmutation/Earth          3
   d - Stone Arrow                    Conjuration/Earth            3
   e - Petrify                        Transmutation/Earth          4
   f - Lee's Rapid Deconstruction     Earth                        5
 x - a book of Summonings

   Spells                             Type                      Level
   a - Abjuration                     Summoning                    3
   b - Recall                         Summoning/Translocation      3
   c - Shadow Creatures               Summoning                    5
   d - Summon Demon                   Summoning                    5
   e - Summon Forest                  Summoning/Translocation      5
   f - Monstrous Menagerie            Summoning                    6
Comestibles
 a - 2 bread rations
 k - a meat ration
 n - a royal jelly


   Skills:
 - Level 1.6 Dodging
 - Level 2.2 Stealth
 + Level 3.0 Spellcasting
   Level 0.7 Transmutations
 + Level 5.0 Earth Magic


You had 8 spell levels left.
You knew the following spells:

 Your Spells              Type           Power        Failure   Level  Hunger
a - Sandblast             Erth           ###...       2%          1    #......


Dungeon Overview and Level Annotations

Branches:
Dungeon (3/15)

Altars:
Nemelex Xobeh


Innate Abilities, Weirdness & Mutations

You are resistant to torment.
Your stone body is resilient (AC +3).
You are immune to poison.
You resist negative energy.
You are resistant to electric shocks.
You can survive without breathing.
You are immune to petrification.
You are immune to rotting.


Message History

The kobold is moderately wounded.
The kobold hits you but does no damage.
You hit the kobold but do no damage.
The kobold is moderately wounded.
The kobold hits you but does no damage.
You hit the kobold but do no damage.
The kobold is moderately wounded.
The gnoll closely misses you. The kobold hits you with a whip.
You closely miss the kobold.
The kobold is moderately wounded.
The gnoll misses you. The kobold misses you.
You hit the kobold but do no damage.
The kobold is moderately wounded.
The gnoll hits you from afar with a spear!
You closely miss the kobold.
The kobold is moderately wounded.
The kobold hits you with a whip.
* * * LOW HITPOINT WARNING * * *
The gnoll hits you from afar with a spear!
You die...

...# # ...# # #
#..# # #. ..# #
g#.. ..#######
#.
.....##.$......
#.#
#...gKo.o.....
..#.# #K#
#.##.#
#####@####
#.##.. ## #
#?.......#
#.##.# ..
......>....##.#
#.##.. .# .#
.##.######.#
#.##.. .# .##
#. #.# #.##..
.# ..
#.######.##
#.##.. .# .#
#.##......#
##.##..
.#####.#
#.##.###..#
#......
.......# #.##.#
#..# #.#.#..


You could see a gnoll, an orc and 2 kobolds.

Vanquished Creatures
  Ijyb (D:3)
  A worm (D:3)
  An ooze (D:3)
  An orc (D:3)
  3 giant cockroaches
  9 goblins
  6 hobgoblins
  A quokka (D:2)
  2 bats
  3 giant newts
  3 kobolds
  3 rats
34 creatures vanquished.

Notes
Turn   | Place    | Note
--------------------------------------------------------------
     0 | D:1      | jhr, the Gargoyle Earth Elementalist, began the quest for the Orb.
     0 | D:1      | Reached XP level 1. HP: 10/10 MP: 3/3
   304 | D:1      | Reached skill level 4 in Earth Magic
   339 | D:1      | Reached XP level 2. HP: 15/15 MP: 0/5
  1274 | D:2      | Found a sparkling altar of Nemelex Xobeh.
  1698 | D:3      | Reached XP level 3. HP: 15/19 MP: 6/6
  2095 | D:3      | Noticed Ijyb
  2113 | D:3      | Killed Ijyb
  2113 | D:3      | Reached skill level 5 in Earth Magic
  2113 | D:3      | Reached XP level 4. HP: 17/24 MP: 8/8
  2243 | D:3      | Slain by a gnoll

Action                   |  1- 3 |  4- 6 || total
-------------------------+-------+-------++-------
Melee: Unarmed           |     6 |       ||     6
       Dagger            |    58 |    27 ||    85
       Club              |     5 |       ||     5
 Cast: Sandblast         |    25 |       ||    25
 Stab: Sleeping          |     1 |     1 ||     2
  Eat: Chunk             |     4 |     1 ||     5
